Map: 아크로폴리스 - 래더

Players

DnS - Winner!

  • Race: Protoss Protoss
  • Spawn Location: 11:00

LiquidTaeJa (TaeJa)

  • Race: Terran Terran
  • League: Diamond
  • Spawn Location: 5:00

Event: 2019 Assembly Summer

VOD

Have the link to the VOD?

Description

Time

  • Played on: Aug. 1, 2019, 1:19 p.m.
  • Length: 17:28

All games in this series

Show
View Real Time Build Order
Export as new Build Order

DnS Protoss - Winner!

Build Orders: 1 Gate Expand, Oracle Opening 

Get SALT Encoding   

  12  0:00  Probe  
  13  0:12  Probe  
  14  0:18  Pylon  
  14  0:24  Probe  
  15  0:32  Probe  
  15  0:40  Gateway, Probe  
  17  0:51  Assimilator  
  17  0:54  Probe  
  18  1:07  Probe  
  19  1:25  Probe  
  20  1:27  Cybernetics Core  
  20  1:37  Nexus  
  20  1:39  Probe  
  21  1:46  Pylon  
  21  1:51  Probe  
  21  1:54  Adept, Assimilator  
  22  2:05  Probe  
  25  2:15  Adept  
  25  2:17  Probe  
  26  2:29  Stargate, Probe  
  29  2:37  Warp Gate  
  29  2:41  Probe  
  30  2:48  Probe  
  30  2:49  Adept  
  33  2:53  Probe  
  33  2:56  Probe  
  34  3:02  Oracle  
  34  3:04  Probe  
  34  3:05  Probe  
  38  3:16  Probe  
  38  3:17  Probe  
  40  3:29  Probe x2  
  40  3:33  Gateway x2  
  42  3:41  Probe  
  43  3:46  Pylon  
  43  3:48  Oracle  
  46  3:55  Probe  
  46  4:01  Probe  
  46  4:05  Nexus  
  46  4:06  Probe  
  46  4:13  Probe  
  46  4:14  Probe  
  47  4:20  Pylon  
  47  4:22  Probe  
  48  4:25  Probe  
  48  4:26  Pylon  
  52  4:34  Probe  
  52  4:37  Probe  
  54  4:43  Assimilator  
  54  4:45  Assimilator, Stalker x3  
  58  4:46  Probe  
  58  4:49  Probe  
  58  4:50  Pylon  
  60  4:56  Twilight Council  
  60  4:58  Probe  
  60  4:59  Forge  
  61  5:05  Probe  
  62  5:08  Pylon  
  62  5:11  Probe  
  62  5:13  Sentry x2, Blink  
  67  5:17  Probe  
  67  5:19  Stalker  
  70  5:23  Probe  
  70  5:27  Probe  
  70  5:29  Probe  
  70  5:34  Probe  
  71  5:36  Probe  
  71  5:38  Protoss Ground Weapons Level 1, Probe  
  71  5:42  Probe  
  71  5:44  Probe  
  71  5:46  Probe  
  73  5:50  Probe  
  73  5:53  Probe  
  73  5:56  Stalker x3  
  82  5:58  Probe, Shield Battery  
  82  6:01  Probe  
  81  6:05  Probe  
  81  6:10  Probe  
  83  6:14  Gateway  
  83  6:15  Gateway x2  
  83  6:17  Gateway  
  83  6:22  Probe  
  84  6:25  Gateway  
  84  6:27  Robotics Facility  
  84  6:29  Probe x2  
  86  6:34  Probe, Stalker  
  86  6:37  Pylon  
  86  6:38  Stalker  
  91  6:41  Probe x2  
  91  6:45  Assimilator  
  93  6:48  Pylon  
  93  6:52  Shield Battery, Photon Cannon  
  93  6:55  Probe x3  
  93  6:56  Assimilator, Charge  
  93  7:01  Sentry x2  
  98  7:07  Probe x2  
  102  7:17  Pylon  
  102  7:19  Observer  
  103  7:23  Pylon  
  103  7:32  Stalker  
  103  7:33  Stalker x2  
  103  7:35  Pylon  
  109  7:39  Pylon  
  109  7:40  Robotics Bay  
  109  7:41  Pylon x2, Robotics Facility  
  109  7:43  Zealot x2  
  113  7:47  Zealot x3  
  119  7:54  Pylon  
  119  7:55  Pylon  
  119  8:06  Zealot x5  
  129  8:21  Colossus  
  123  8:29  Colossus  
  123  8:30  Nexus  
  135  8:34  Extended Thermal Lance  
  135  8:39  Zealot x8  
  145  8:59  Zealot x8  
  126  9:18  Colossus  
  126  9:21  Probe  
  126  9:22  Zealot x5  
  127  9:35  Pylon  
  127  9:37  Pylon  
  125  9:39  Forge  
  125  9:41  Forge  
  125  9:43  Zealot x3  
  131  9:49  Assimilator  
  131  9:50  Probe x2  
  131  9:51  Immortal, Probe x2  
  135  10:02  Probe  
  135  10:04  Protoss Ground Weapons Level 2  
  135  10:05  Probe x3  
  143  10:08  Protoss Ground Armor Level 1  
  145  10:24  Zealot x7  
  155  10:31  Templar Archives  
  145  10:41  Zealot  
  121  10:43  Immortal  
  121  10:47  Immortal  
  125  10:52  Sentry x2  
  125  10:53  Zealot x3  
  135  11:03  Pylon  
  135  11:06  Zealot  
  135  11:10  High Templar x2  
  135  11:13  Immortal  
  135  11:14  Archon  
  135  11:17  High Templar x3, Immortal  
  135  11:18  High Templar  
  131  11:20  Gateway  
  131  11:21  Observer  
  131  11:22  Gateway  
  131  11:24  Archon  
  131  11:25  Archon  
  136  11:37  High Templar x2  
  139  11:41  Archon  
  139  11:43  Gateway  
  139  11:48  Warp Prism  
  139  11:50  High Templar x3  
  139  11:51  High Templar, Zealot  
  139  11:52  Immortal, Protoss Ground Armor Level 2, Probe x3  
  156  11:56  Pylon, Archon  
  156  11:57  Archon  
  158  12:09  Stalker  
  158  12:10  Stalker  
  158  12:12  Protoss Ground Weapons Level 3  
  158  12:14  Zealot  
  158  12:15  Zealot  
  165  12:21  Stalker  
  165  12:22  Stalker x3  
  173  12:43  Zealot x6  
  159  12:44  Nexus  
  149  12:51  Pylon  
  145  13:13  Zealot x7  
  145  13:14  Zealot x3  
  161  13:23  Psionic Storm  
  139  13:36  Immortal  
  139  13:40  Immortal  
  139  13:41  High Templar x4  
  149  13:44  Stalker x2  
  149  13:45  Zealot x2, Stalker x2  
  165  14:07  Assimilator x2  
  165  14:11  High Templar, Zealot x3  
  173  14:19  Stargate  
  173  14:20  Immortal  
  173  14:21  Stalker x2  
  173  14:22  Stalker x3  
  173  14:23  Protoss Ground Armor Level 3  
  177  14:32  Photon Cannon  
  177  14:33  Photon Cannon  
  177  14:36  Photon Cannon  
  177  14:37  Pylon  
  177  14:44  High Templar  
  177  14:45  High Templar  
  179  14:47  Shield Battery  
  179  14:56  Archon x2  
  179  14:58  Zealot x5  
  179  14:59  Zealot x3  
  185  15:09  Phoenix  
  173  15:17  Stalker x2  
  173  15:19  Stalker x6  
  185  15:22  Colossus x2  
  163  15:37  Stalker x2  
  159  15:43  High Templar x2  
  161  15:52  High Templar  
  161  15:53  High Templar  
  161  15:55  Zealot  
  163  16:04  Stalker x3  
  163  16:05  Zealot, Stalker  
  173  16:16  Nexus  
  173  16:17  Stalker x3  
  179  16:26  Stalker x3  
  179  16:27  Zealot  
  187  16:36  Zealot x3  
  167  16:44  Archon  
  138  16:48  Stalker x4  
  138  16:54  Archon  
  140  16:56  Zealot x3  
  140  16:58  Probe  
  146  17:03  Probe  
  146  17:04  Probe  
  146  17:06  Probe  
  149  17:12  Probe x2  
  148  17:21  High Templar x4  
Show
View Real Time Build Order
Export as new Build Order

LiquidTaeJa Terran 

Build Orders: Reaper Expand 

Get SALT Encoding   

  12  0:00  SCV  
  13  0:12  SCV  
  14  0:16  Supply Depot  
  14  0:24  SCV  
  15  0:38  SCV  
  15  0:40  Barracks  
  16  0:43  Refinery  
  16  0:50  SCV  
  17  1:02  SCV  
  18  1:14  SCV  
  19  1:29  Reaper, Orbital Command  
  20  1:44  Command Center  
  20  1:52  Supply Depot  
  21  1:54  SCV  
  21  2:02  Barracks Reactor  
  21  2:06  SCV  
  22  2:13  Refinery, Bunker  
  22  2:18  SCV  
  23  2:24  Factory  
  23  2:30  SCV  
  24  2:38  Marine x2  
  24  2:42  SCV  
  27  2:54  SCV  
  27  2:56  Marine x2  
  27  2:57  Orbital Command  
  30  3:06  SCV  
  31  3:13  Starport, Factory Tech Lab  
  31  3:15  Marine  
  31  3:16  Marine  
  31  3:18  SCV  
  34  3:23  SCV  
  35  3:31  SCV  
  35  3:32  Cyclone  
  39  3:35  SCV  
  39  3:36  Supply Depot  
  40  3:41  Marine  
  40  3:42  Marine  
  40  3:43  SCV  
  40  3:47  SCV  
  44  3:52  Viking  
  46  3:58  SCV  
  46  3:59  SCV  
  46  4:00  Marine x2  
  50  4:03  Supply Depot  
  50  4:07  Cyclone  
  52  4:10  SCV  
  52  4:11  SCV  
  54  4:22  Supply Depot  
  54  4:24  Marine x2, SCV x2  
  54  4:27  Viking  
  60  4:36  Supply Depot, SCV x2  
  62  4:43  Marine x2  
  64  4:47  Supply Depot  
  64  4:48  SCV x2  
  64  4:51  Barracks  
  66  4:55  Barracks  
  66  5:03  Marine x2  
  66  5:04  SCV x2  
  66  5:06  Refinery  
  70  5:10  Supply Depot  
  70  5:11  Raven  
  70  5:12  Factory Tech Lab  
  72  5:17  SCV x2  
  74  5:22  Marine  
  74  5:23  Marine  
  76  5:29  Command Center  
  76  5:31  SCV x2  
  76  5:42  Refinery, Engineering Bay  
  75  5:43  Barracks Tech Lab  
  75  5:45  Factory Reactor, SCV x2  
  75  5:52  Stimpack, Marine, Engineering Bay  
  75  5:53  Marine  
  73  6:00  SCV x2  
  75  6:04  Starport Reactor  
  75  6:09  Terran Infantry Weapons Level 1  
  75  6:10  Combat Shield  
  75  6:11  Marine  
  75  6:12  Marine, Marauder x2  
  75  6:16  SCV x2  
  83  6:20  Barracks  
  83  6:23  Barracks  
  83  6:26  Widow Mine x2  
  83  6:28  SCV x2  
  83  6:30  Supply Depot x2, Marine  
  83  6:31  Marine  
  91  6:33  Marauder  
  93  6:40  SCV  
  93  6:46  Terran Infantry Armor Level 1  
  94  6:48  Supply Depot  
  94  6:51  Medivac x2, Widow Mine x2, Marauder  
  94  6:52  SCV  
  94  6:53  SCV  
  106  6:57  Marine, Marauder  
  109  7:04  Supply Depot, SCV  
  109  7:05  Supply Depot  
  109  7:08  Concussive Shells  
  110  7:10  Marine, Barracks Reactor, Marauder, SCV  
  110  7:13  Marauder  
  110  7:14  Widow Mine  
  118  7:26  Widow Mine, Medivac, Marauder, SCV x2  
  118  7:27  Marine x2  
  118  7:28  Medivac  
  130  7:32  Orbital Command  
  130  7:35  Missile Turret  
  130  7:38  Marauder, SCV  
  130  7:40  Marauder  
  137  7:44  Widow Mine  
  137  7:51  Marine x4, Marauder  
  139  7:52  SCV x2  
  139  7:56  Armory  
  145  8:00  Supply Depot, Marauder  
  147  8:06  Marauder  
  149  8:15  Marauder  
  149  8:22  Marine x2, Marauder, SCV x3  
  149  8:25  Supply Depot, Widow Mine x2  
  149  8:26  Medivac  
  157  8:30  Medivac  
  157  8:44  Marine  
  157  8:45  Marine  
  157  8:47  Marine, Marauder x3, SCV  
  165  8:49  Marine  
  160  8:59  Widow Mine x2  
  160  9:02  Marine  
  165  9:03  Marine  
  165  9:05  Marine  
  165  9:09  Marauder x3  
  159  9:10  Marine  
  159  9:12  Medivac x2  
  159  9:14  SCV  
  159  9:16  Refinery x2  
  149  9:20  Marine, Widow Mine x2  
  149  9:22  Marine  
  149  9:23  Marine  
  144  9:28  Marine  
  144  9:30  Marauder x3  
  149  9:32  Starport  
  149  9:37  SCV x3  
  150  9:41  Supply Depot x3, Marine x3  
  150  9:44  Command Center  
  153  9:46  Terran Infantry Armor Level 2  
  153  9:47  Terran Infantry Weapons Level 2  
  153  9:58  Viking x2  
  157  10:00  SCV x3  
  157  10:03  Terran Ship Weapons Level 1  
  160  10:07  Supply Depot  
  160  10:09  Marauder x3  
  160  10:11  Marine x3  
  168  10:16  SCV x2  
  168  10:17  SCV  
  167  10:22  Marine  
  167  10:28  Marine x2, SCV  
  167  10:29  Viking x2  
  167  10:30  Marauder  
  167  10:31  Marauder x2  
  165  10:38  SCV x2  
  165  10:41  SCV  
  144  10:49  Marine x2  
  145  10:50  Viking x2, SCV  
  151  10:59  SCV x2  
  151  11:01  Planetary Fortress  
  151  11:02  SCV  
  154  11:10  Marine, Marauder  
  154  11:11  Marauder x2  
  161  11:12  Viking  
  150  11:21  Marine  
  150  11:22  Marine x2  
  150  11:24  SCV x3  
  150  11:25  Medivac x2  
  159  11:26  Refinery x2  
  159  11:31  Marauder  
  159  11:32  Marine  
  163  11:33  Barracks x3  
  163  11:35  Marauder x2  
  163  11:36  SCV  
  163  11:38  Liberator x2, Viking  
  169  11:46  Liberator  
  169  11:51  Command Center  
  169  11:54  Liberator  
  169  11:56  Marine x3  
  169  11:57  Marine  
  169  11:58  Marauder x2  
  186  12:14  Ghost Academy  
  189  12:22  Barracks Reactor, Barracks Tech Lab x2  
  189  12:34  Marauder  
  188  12:39  Marine x4, Marauder x2  
  188  12:44  Marauder x2  
  170  12:45  Command Center  
  140  12:55  Marauder  
  140  12:57  Marine x4  
  141  13:00  Marauder x2  
  141  13:02  Marine  
  141  13:03  Liberator x2, Marine  
  141  13:04  Liberator  
  141  13:05  Marine, Marauder  
  147  13:13  Viking  
  147  13:14  Marine x2  
  147  13:15  Marine x2  
  147  13:17  Marauder  
  155  13:20  Marine x2  
  155  13:22  Marauder x2  
  155  13:23  Marauder  
  155  13:26  Liberator, Ghost  
  168  13:37  Terran Infantry Weapons Level 3  
  168  13:38  Marine x3  
  168  13:40  SCV x4  
  175  13:43  Refinery  
  178  13:55  Ghost, Missile Turret  
  178  13:56  Liberator, Missile Turret  
  178  14:00  Ghost, Missile Turret  
  182  14:07  Liberator  
  182  14:15  Missile Turret x2  
  185  14:27  Refinery  
  185  14:29  Refinery  
  185  14:30  Planetary Fortress  
  188  14:41  Ghost  
  188  14:43  Marine x4  
  192  14:46  Missile Turret  
  192  14:49  Command Center x2  
  192  14:59  Ghost x2  
  192  15:07  Marine  
  192  15:08  Marine x2  
  192  15:09  Marine x2  
  187  15:24  Marine, Ghost x2  
  187  15:25  Marine x3  
  170  15:29  Marauder  
  170  15:30  Marauder  
  168  15:35  Marine  
  168  15:37  Marine x2  
  168  15:40  SCV  
  168  15:41  SCV x4  
  168  15:42  Marine  
  170  15:43  Marauder  
  170  15:51  Marauder x2  
  170  15:52  Marine x2, SCV  
  170  15:53  Marine, Marauder x2  
  170  15:55  Marine x2  
  182  15:58  Viking x2  
  182  15:59  Liberator  
  182  16:03  Orbital Command  
  186  16:04  Marauder  
  186  16:06  Orbital Command  
  186  16:08  Liberator  
  186  16:09  Marine x2  
  190  16:13  Marauder  
  198  16:26  Marine x2  
  184  16:44  Marauder x2  
  184  16:45  Marine x2, Marauder x2  
  145  16:47  Marine x4, Marauder  
  122  16:56  Orbital Command  
  125  17:03  Marine x2  
  125  17:05  Marine x3, Marauder x2  
  125  17:06  Marine x2  
  125  17:07  Marauder  
Tags
 
Add a new tag
Caveats
  • Supply blocks, unpowered buildings, or Contaminate may cause inaccurate times.
  • Supply counts are checked every 10 seconds.